 Dungeon Crawl Stone Soup version 0.27.1-16-g815e20cd7a (webtiles) character file.

Game seed: 18261882578644119499

8699 MisterFreud the Carver (level 11, -2/94 HPs)
             Began as a Minotaur Abyssal Knight on Nov 23, 2021.
             Was a High Priest of Lugonu.
             Slain by an orc knight (40 damage)
             ... in a bailey.
             The game lasted 00:12:48 (10971 turns).

MisterFreud the Carver (Minotaur Abyssal Knight)   Turns: 10971, Time: 00:12:49

Health: -2/94      AC: 11    Str: 20    XL:     11   Next: 13%
Magic:  9/17       EV: 10    Int:  9    God:    Lugonu [*****.]
Gold:   81         SH:  0    Dex: 10    Spells: 10/10 levels left

rFire    . . .     SeeInvis .   g - +5 sword of Power {vorpal}
rCold    . . .     Faith    .   (shield currently unavailable)
rNeg     + . .     Spirit   .   e - +0 scale mail
rPois    +         Reflect  .   (helmet restricted)
rElec    .         Harm     .   l - +0 cloak
rCorr    .         Rampage  .   m - +0 pair of gloves
Will     .....                  H - +0 pair of boots
Stlth    ..........             (no amulet)
HPRegen  0.25/turn              p - ring of poison resistance
MPRegen  0.15/turn              h - ring of positive energy

@: no status effects
A: horns 2, retaliatory headbutt
a: Renounce Religion, Depart the Abyss, Bend Space, Banish, Corrupt, Enter the
Abyss


You were in a bailey.
You worshipped Lugonu.
Lugonu was extremely pleased with you.
You visited 1 branch of the dungeon, and saw 9 of its levels.
You visited the Abyss 1 time.
You also visited: Bailey.

You collected 513 gold pieces.
You spent 432 gold pieces at shops.

Inventory:

Hand Weapons
 a - a +1 falchion
 g - the +5 sword of Power (weapon) {vorpal}
   (You acquired it on level 8 of the Dungeon)

   It inflicts extra damage upon your enemies.
   It occasionally discharges a powerful but inaccurate bolt of energy upon
   striking a foe, with increased chance the greater the wielder's current
   health.
 y - a +2 dagger of electrocution
 F - a +3 falchion of freezing
Missiles
 r - a throwing net
 E - a curare-tipped dart
 L - 8 poisoned darts
Armour
 b - a +0 leather armour
 e - a +0 scale mail (worn)
 l - a +0 cloak (worn)
 m - a +0 pair of gloves (worn)
 H - a +0 pair of boots (worn)
Jewellery
 d - a +6 ring of intelligence
 h - a ring of positive energy (right hand)
 p - a ring of poison resistance (left hand)
 s - a +6 ring of intelligence
 z - a ring of resist corrosion
 B - a ring of flight
Wands
 I - a wand of acid (6)
Scrolls
 c - a scroll of immolation
 i - a scroll of enchant weapon {unknown}
 j - a scroll of holy word {unknown}
 k - 3 scrolls of fear
 q - 6 scrolls of teleportation {unknown}
 u - a scroll of silence {unknown}
 x - 4 scrolls of fog
 A - 2 scrolls of enchant armour {unknown}
 C - 2 scrolls of noise {unknown}
 M - a scroll of vulnerability {unknown}
Potions
 f - a potion of brilliance
 n - 3 potions of haste
 o - 5 potions of heal wounds
 t - a potion of curing
 v - 4 potions of attraction
 w - a potion of berserk rage
 D - a potion of resistance
 G - a potion of lignification
 J - 3 potions of might
 K - a potion of flight


   Skills:
 - Level 8.0 Fighting
 + Level 14.2 Long Blades
 - Level 6.0 Armour
 - Level 1.1 Dodging
 - Level 10.0 Invocations


You had 10 spell levels left.
You didn't know any spells.
Your spell library contained the following spells:

 Spells                   Type           Power      Damage    Failure   Level
 Foxfire                  Conj/Fire      0%         2x1d4     71%         1
 Magic Dart               Conj           0%         1d3       71%         1
 Sandblast                Erth           0%         2d4       71%         1
 Blink                    Tloc           N/A        N/A       85%         2
 Call Imp                 Summ           0%         N/A       85%         2
 Passwall                 Tmut/Erth      0%         N/A       85%         2
 Conjure Flame            Conj/Fire      0%         6-21      97%         3
 Inner Flame              Hex/Fire       0%         N/A       97%         3
 Lesser Beckoning         Tloc           0%         N/A       97%         3
 Mephitic Cloud           Conj/Pois/Air  0%         N/A       97%         3
 Stone Arrow              Conj/Erth      0%         3d7       97%         3
 Bolt of Magma            Conj/Fire/Erth 0%         4d4       100%        5
 Lee's Rapid Deconstruct  Erth           0%         3d5*      100%        5
 Manifold Assault         Tloc           0%         N/A       100%        5
 Storm Form               Tmut/Air       0%         N/A       100%        7
 Shatter                  Erth           0%         3d5*      100%        9


Dungeon Overview and Level Annotations

Branches:
Dungeon (9/15)             Temple (0/1) D:7             Orc (0/2) D:9
 Bailey (1/1)
   Lair: D:8-11

Altars:
Hepliaklqana
Sif Muna
Uskayaw
Wu Jian

Shops:
D:8 !

Annotations:
D:4 3 runed translucent doors, poire's ghost, amateur DrTm


Innate Abilities, Weirdness & Mutations

You have a pair of horns on your head.
You reflexively headbutt those who attack you in melee.


Message History

The orc knight is severely wounded.
You closely miss the orc knight. You headbutt the orc knight!
The orc knight is severely wounded.
The orc knight closely misses you.
You riposte.
You barely miss the orc knight.
The orc knight is severely wounded.
The orc warlord roars a battlecry!
The orc knight goes into a battle-frenzy!
You closely miss the orc knight. You headbutt the orc knight!
The orc knight is almost dead.
The orc warlord no longer looks unusually strong.
The orc knight hits you with a +0 war axe!!
* * * LOW HITPOINT WARNING * * *
You slash the orc knight!
You kill the orc knight!
Lugonu accepts your kill.
Press: ? - help, Shift-Dir - straight line, f - orc warlord
Aim: an orc warlord, wielding a +2 battleaxe and wearing a +0 chain mail (chance to affect: 58%)
The orc warlord is devoured by a tear in reality.
Lugonu claims a new guest.
Your Long Blades skill increases to level 14!
You have reached level 11!
You feel much better.
Aiming: Corrosive Bolt
Press: ? - help, Shift-Dir - straight line, f - orc knight
Aim: an orc knight, wielding a +0 war axe and wearing a +0 ring mail (translocational energy, lightly wounded, strong, covered in acid, 64% to hit)
The bolt of acid hits the orc knight!
The orc knight is splashed with acid.
The orc knight is heavily wounded.
Lugonu accepts your kill.
You feel a bit more experienced. Lugonu accepts your kill.
You feel a bit more experienced.
Unknown command.
Unknown command.
You barely miss the orc knight.
The orc knight is moderately wounded.
The orc knight hits you but does no damage.
You slice the orc knight!!
The orc knight is severely wounded.
The orc knight hits you with a +0 war axe!!!
You die...

#.......# ##.......##
#.........# ##.........##
#######.....⌠.....#######
##.....##........)##.....##
#.......'.........))......#
##.......##.......##)......##
#......)).#...@...#.........#
##.........##88o88##.........##
#.....⌠.....###g###.....⌠.....#
##.....)...## .o. ##.........##
#...).....# ..).. #.........#
##.......##...)...##.......##
#..)....#.........#...)...#
##).[..##.........##..)))##
##'####...........####)##


You could see an orc knight (strong, corroded), an orc warrior (strong) and a
gnoll.

Vanquished Creatures
  Pikel (D:8)
  An orc knight (Bailey)
  A troll (D:8)
  Prince Ribbit (D:5)
  Sigmund (D:3)
  2 wyverns
  3 yaks (D:7)
  Eustachio (D:5)
  Edmund (D:6)
  A water moccasin (D:8)
  13 orc warriors
  An ice beast (D:6)
  3 sky beasts
  An ogre (D:6)
  A centaur (D:9)
  A phantom (D:5)
  4 lemures (D:8)
  2 kobold brigands
  4 bullfrogs
  2 scorpions
  A water moccasin skeleton (D:5)
  6 killer bees (D:7)
  5 wights
  2 bullfrog zombies
  A centaur zombie (D:8)
  4 jellies
  4 hounds
  4 orc priests
  A centaur skeleton (D:5)
  A bullfrog skeleton (D:7)
  4 iguanas
  5 orc wizards
  A scorpion zombie (D:5)
  6 adders
  14 gnolls
  A howler monkey skeleton (D:7)
  A river rat (D:5)
  A white imp (D:6)
  An ufetubus (D:6)
  3 worms
  2 dart slugs
  41 orcs
  7 bats
  3 endoplasms
  5 giant cockroaches
  27 goblins
  25 hobgoblins
  3 jackals (D:3)
  A quokka (D:4)
  10 ball pythons
  5 frilled lizards
  13 kobolds
  7 rats
260 creatures vanquished.

Notes
Turn   | Place    | Note
-------+----------+-------------------------------------------
     0 | Abyss:1  | MisterFreud the Minotaur Abyssal Knight began the quest for
                  | the Orb.
     0 | Abyss:1  | Reached XP level 1. HP: 19/19 MP: 1/1
    15 | Abyss:1  | Noticed a hell hog
    16 | D:1      | Escaped the Abyss
   356 | D:1      | Reached XP level 2. HP: 27/27 MP: 2/2
   485 | D:1      | Found a faded altar of an unknown god.
   487 | D:1      | Reached * piety under Lugonu
   799 | D:1      | Reached XP level 3. HP: 35/35 MP: 3/3
  1025 | D:2      | Reached skill level 5 in Fighting
  2236 | D:3      | Noticed Sigmund
  2259 | D:3      | Killed Sigmund
  2260 | D:3      | Reached XP level 4. HP: 34/47 MP: 4/4
  2260 | D:3      | Reached XP level 5. HP: 38/52 MP: 5/5
  2404 | D:3      | Reached ** piety under Lugonu
  2999 | D:3      | Reached XP level 6. HP: 38/61 MP: 6/6
  3485 | D:4      | Found a runed translucent gate.
  3486 | D:4      | Found a runed translucent gate.
  3488 | D:4      | Found a runed translucent gate.
  3488 | D:4      | Noticed poire's ghost (amateur DrTm)
  3920 | D:4      | Reached skill level 5 in Armour
  4097 | D:5      | Entered Level 5 of the Dungeon
  4206 | D:5      | Found an ornate altar of the Wu Jian Council.
  4309 | D:5      | Reached XP level 7. HP: 61/68 MP: 7/7
  4545 | D:5      | Found a hide-covered altar of Uskayaw.
  4547 | D:5      | Noticed Eustachio
  4571 | D:5      | Killed Eustachio
  4957 | D:5      | Reached skill level 3 in Long Blades
  5010 | D:5      | Noticed Prince Ribbit
  5026 | D:5      | Killed Prince Ribbit
  5027 | D:5      | Reached skill level 4 in Long Blades
  5027 | D:5      | Reached XP level 8. HP: 13/74 MP: 10/10
  5536 | D:5      | Reached skill level 5 in Invocations
  5719 | D:6      | Noticed Edmund
  5739 | D:6      | Killed Edmund
  5740 | D:6      | Reached skill level 5 in Long Blades
  5806 | D:6      | Reached skill level 6 in Long Blades
  6056 | D:6      | Reached skill level 7 in Long Blades
  6315 | D:6      | Reached skill level 8 in Long Blades
  6509 | D:6      | Reached skill level 9 in Long Blades
  6782 | D:6      | Reached *** piety under Lugonu
  7091 | D:6      | Reached XP level 9. HP: 58/80 MP: 11/11
  7433 | D:7      | Reached skill level 10 in Long Blades
  7462 | D:7      | Paralysed by an orc warrior for 5 turns
  8017 | D:7      | Found a staircase to the Ecumenical Temple.
  8771 | D:7      | Reached skill level 11 in Long Blades
  9179 | D:8      | Found a shimmering blue altar of Sif Muna.
  9196 | D:8      | Noticed Pikel
  9233 | D:8      | Killed Pikel
  9234 | D:8      | Reached XP level 10. HP: 63/88 MP: 15/15
  9261 | D:8      | Identified a scroll of acquirement
  9262 | D:8      | Acquired the +5 sword of Power {vorpal}
  9262 | D:8      | Found the +5 sword of Power {vorpal}
  9408 | D:8      | Reached **** piety under Lugonu
  9640 | D:8      | Found Fuitis's Distillery.
  9643 | D:8      | Bought a potion of might for 48 gold pieces
  9643 | D:8      | Bought a potion of heal wounds for 60 gold pieces
  9643 | D:8      | Bought a potion of heal wounds for 60 gold pieces
  9643 | D:8      | Bought a potion of heal wounds for 60 gold pieces
  9643 | D:8      | Bought a potion of might for 48 gold pieces
  9643 | D:8      | Bought a potion of heal wounds for 60 gold pieces
  9643 | D:8      | Bought a potion of heal wounds for 60 gold pieces
  9643 | D:8      | Bought a potion of flight for 36 gold pieces
  9661 | D:8      | Found a hazy altar of Hepliaklqana.
  9975 | D:9      | Found a staircase to the Orcish Mines.
  9989 | D:9      | Identified the +8 whip of the Scorching Puffin {freeze,
                  | Fragile Fly Str+3 Stlth+}
  9997 | D:9      | Reached skill level 12 in Long Blades
 10080 | D:9      | Found a flagged portal.
 10091 | Bailey   | Entered a bailey
 10191 | Bailey   | Reached ***** piety under Lugonu
 10314 | Bailey   | Noticed an orc knight
 10334 | Bailey   | Banished an orc knight
 10946 | Bailey   | Noticed an orc knight
 10946 | Bailey   | Noticed an orc warlord
 10947 | Bailey   | Noticed an orc knight
 10947 | Bailey   | Noticed an orc knight
 10960 | Bailey   | Banished an orc knight
 10961 | Bailey   | Reached skill level 13 in Long Blades
 10961 | Bailey   | Reached skill level 10 in Invocations
 10966 | Bailey   | Killed an orc knight
 10967 | Bailey   | Banished an orc warlord
 10968 | Bailey   | Reached skill level 14 in Long Blades
 10968 | Bailey   | Reached XP level 11. HP: 15/94 MP: 9/17
 10971 | Bailey   | Slain by an orc knight

Illustrated notes

Levels and vault maps discovered:
D:1:      dpeg_arrival_round_c, layout_loops_ring,
          dreamdust_ecumenical_altar_angels_and_demons
D:2:      layout_loops_ring, minmay_misc_feat_doors, columned_hall_lemuel,
          minmay_heptomino_h4
D:3:      layout_loops_corners, nrook_loot_triangle, uniq_sigmund
D:4:      layout_cave_pods, ebering_ghost_rock_garden
D:5:      layout_basic, mainiacjoe_overflow_six_doors_small, old_standard_altar,
          portal_sewer_entry_e, uniq_eustachio, uniq_prince_ribbit1
D:6:      layout_loops_ring, uniq_edmund
D:7:      layout_loops_ring, minmay_temple_entry_glass
D:8:      layout_cave_pools, minitemple, serial_shops, kennysheep_mini,
          uniq_pikel
D:9:      layout_irregular_city, kennysheep_little_box, hiddenorc1_lemuel,
          enter_bailey_3, kennysheep_small_circle, uniq_maurice
Bailey:   bailey_axe_minmay_hex_keep, bailey

Skill      XL: |  1  2  3  4  5  6  7  8  9 10 |
---------------+-------------------------------+-----
Fighting       | 4 7 8 |  8.0
Armour         | 3 5 6 |  6.0
Invocations    | 4 5 8 10 | 10.0
Long Blades    | 4 9 11 14 | 14.2
Dodging        | |  1.1

Action                   |  1- 3 |  4- 6 |  7- 9 | 10-12 || total
-------------------------+-------+-------+-------+-------++-------
Melee: Falchion          |    88 |    82 |   151 |     8 ||   329
       Headbutt          |     9 |    13 |    66 |    18 ||   106
       Dagger            |       |       |   247 |       ||   247
       Great sword       |       |       |       |   161 ||   161
Invok: Depart the Abyss  |     1 |       |       |       ||     1
       Banish            |       |       |       |     3 ||     3
Evoke: Wand              |       |       |       |     3 ||     3
  Use: Potion            |       |       |     2 |     1 ||     3
       Scroll            |       |       |       |     9 ||     9
Armor: Leather armour    |    19 |       |       |       ||    19
       Scale mail        |    25 |    56 |   132 |    54 ||   267
Dodge: Dodged            |    44 |    55 |   140 |    90 ||   329
       Rpst.: Falchion   |    10 |    18 |    17 |       ||    45
       Great sword       |       |       |       |    24 ||    24
